 Dungeon Crawl Stone Soup version 0.29.1-1-gd02db6906a (webtiles) character file.

Game seed: 13133302100253980852

16654 xian the Thaumaturge (level 12, -7/78 HPs)
             Began as a Demonspawn Air Elementalist on Oct 1, 2022.
             Was a High Priest of Nemelex Xobeh.
             Mangled by a catoblepas (13 damage)
             ... while petrified by a catoblepas
             ... on level 2 of the Lair of Beasts.
             The game lasted 00:38:55 (17671 turns).

xian the Thaumaturge (Demonspawn Air Elementalist) Turns: 17671, Time: 00:38:55

Health: -7/78      AC: 12    Str: 15    XL:     12   Next: 12%
Magic:  26/26      EV:  2    Int: 20    God:    Nemelex Xobeh [*****.]
Gold:   699        SH:  0    Dex: 13    Spells: 25/31 levels left

rFire   + . .      SeeInvis +   w - staff of air
rCold   . . .      Faith    .   K - +3 buckler "Qaiv Vio" {rF+ Will++}
rNeg    + + +      Spirit   .   v - +0 acid dragon scales
rPois   ∞          Reflect  .   (helmet unavailable)
rElec   +          Harm     .   (no cloak)
rCorr   +          Rampage  .   F - +0 pair of gloves
Will    ++...                   B - +0 pair of boots
Stlth   ++........              d - amulet of the acrobat
HPRegen 0.23/turn               H - +4 ring of evasion
MPRegen 0.20/turn               u - ring "Painneap" {rElec rN+ rCorr Str+6 Int-2}

@: petrified, on berserk cooldown, slowed
A: antennae 3, yellow scales 2, ignite blood 2, spiny 1
a: Renounce Religion, Draw Escape, Draw Destruction, Draw Summoning, Triple
Draw, Deal Four, Stack Five


You were on level 2 of the Lair of Beasts.
You worshipped Nemelex Xobeh.
Nemelex Xobeh was extremely pleased with you.
You visited 3 branches of the dungeon, and saw 14 of its levels.

You collected 783 gold pieces.
You spent 84 gold pieces at shops.

Inventory:

Hand Weapons
 p - a +5 short sword
Missiles
 M - a throwing net
Armour
 v - +0 acid dragon scales (worn)
 B - a +0 pair of boots (worn)
 F - a +0 pair of gloves (worn)
 K - the +3 buckler "Qaiv Vio" (worn) {rF+ Will++}
   (You acquired it on level 8 of the Dungeon)

   rF:        It protects you from fire.
   Will:      It greatly increases your willpower.
Magical Staves
 w - a staff of air (weapon)
Jewellery
 d - an amulet of the acrobat (around neck)
 l - a ring of wizardry
 q - an amulet of magic regeneration
 u - the ring "Painneap" (right hand) {rElec rN+ rCorr Str+6 Int-2}
   (You acquired it on level 6 of the Dungeon)

   [ring of strength]

   Str:       It affects your strength (+6).
   Int:       It affects your intelligence (-2).
   rElec:     It insulates you from electricity.
   rN:        It protects you from negative energy.
   rCorr:     It protects you from acid and corrosion.
 H - a +4 ring of evasion (left hand)
Wands
 x - a wand of roots (21)
 A - a wand of charming (18)
 J - a wand of polymorph (4)
 L - a wand of flame (9)
Scrolls
 c - 2 scrolls of enchant armour {unknown}
 f - a scroll of immolation
 g - 3 scrolls of butterflies
 h - 4 scrolls of silence {unknown}
 i - 3 scrolls of blinking {unknown}
 j - a scroll of teleportation {unknown}
 m - a scroll of enchant weapon {unknown}
 s - a scroll of identify
 y - a scroll of magic mapping {unknown}
 z - a scroll of amnesia
 C - a scroll of poison
 E - a scroll of brand weapon
Potions
 a - a potion of berserk rage
 b - 3 potions of magic
 e - a potion of might
 k - 2 potions of mutation
 n - a potion of brilliance
 o - a potion of invisibility
 r - 8 potions of curing
 t - 2 potions of cancellation
 D - a potion of flight
 G - a potion of ambrosia
 I - 2 potions of lignification


   Skills:
 + Level 2.0 Fighting
 + Level 2.0 Short Blades
 + Level 1.5 Staves
 + Level 4.1 Armour
 + Level 5.0 Dodging
 + Level 4.4 Stealth
 * Level 6.4 Shields
 + Level 10.0 Spellcasting
 + Level 8.4 Conjurations
 + Level 9.0 Air Magic


You had 25 spell levels left.
You knew the following spells:

 Your Spells              Type           Power      Damage    Failure   Level
a - Shock                 Conj/Air       100%       1d9       1%          1
b - Static Discharge      Conj/Air       61%        3-11/arc  1%          2
c - Swiftness             Air            62%        N/A       1%          3

Your spell library contained the following spells:

 Spells                   Type           Power      Damage    Failure   Level
 Airstrike                Air            31%        2d(5-21)  2%          4
 Dazzling Flash           Conj/Hex       52%        N/A       6%          3
 Apportation              Tloc           20%        N/A       12%         1
 Necrotise                Necr           40%        1d6       12%         1
 Summon Small Mammal      Summ           40%        N/A       12%         1
 Iskenderun's Mystic Bla  Conj/Tloc      26%        2d7       22%         4
 Confusing Touch          Hex            10%        N/A       34%         3
 Yara's Violent Unravell  Hex/Tmut       5%         3d4       97%         5
 Starburst                Conj/Fire      13%        6d5       97%         6
 Enfeeble                 Hex            5%         N/A       100%        7


Dungeon Overview and Level Annotations

Branches:
Dungeon (11/15)            Temple (1/1) D:4            Lair (2/5) D:11
  Swamp (0/4) Lair:2        Snake (0/4) Lair:2          Orc (0/2) D:10

Altars:
Ashenzari
Cheibriados
Dithmenos
Fedhas
Gozag
Hepliaklqana
Kikubaaqudgha
Makhleb
Nemelex Xobeh
Okawaru
Qazlal
Ru
Sif Muna
Trog
Uskayaw
Vehumet
Wu Jian
Xom
Yredelemnul

Shops:
D:6 ?   D:11 [

Annotations:
D:6 2 transporters, Ogmund's ghost, novice TrMo
D:11 best gloves


Innate Abilities, Weirdness & Mutations

You have a pair of large antennae on your head. (SInv)
You are mostly covered in yellow scales. (AC +3)
Your demonic aura often causes spilled blood to erupt in flames.
You are partially covered in sharp spines.


Message History

The catoblepas misses you.
You are too berserk!
Unknown command.
You are too berserk!
You feel a strong urge to attack something.
The catoblepas breathes a plume of calcifying dust at you.
The blast of calcifying dust hits you.
* * * LOW HITPOINT WARNING * * *
There is a large open door here.
You block the catoblepas's attack.
There is a large open door here.
You hit the catoblepas.
The catoblepas is moderately wounded.
You hit the catoblepas.
The catoblepas is electrocuted!
The catoblepas is heavily wounded.
The catoblepas breathes a plume of calcifying dust at you.
The blast of calcifying dust hits you but does no damage.
You hit the catoblepas.
The catoblepas is heavily wounded.
You are engulfed in calcifying dust.
You are slowing down.
The catoblepas breathes a plume of calcifying dust at you.
The blast of calcifying dust hits you.
* * * LOW HITPOINT WARNING * * *
You hit the catoblepas.
The catoblepas is electrocuted!
The catoblepas is severely wounded.
You are engulfed in calcifying dust.
Your limbs have turned to stone.
The catoblepas breathes a plume of calcifying dust at you.
The blast of calcifying dust hits you!
* * * LOW HITPOINT WARNING * * *
You have turned to stone.
You are engulfed in calcifying dust.
The catoblepas gores you.
* * * LOW HITPOINT WARNING * * *
You are engulfed in calcifying dust.
The catoblepas gores you.
* * * LOW HITPOINT WARNING * * *
You are engulfed in calcifying dust.
You are no longer berserk.
You feel yourself slow down. The catoblepas gores you!!
You die...
Your body glows slightly and disappears.

...##### ###.### ####. ...# ♣.♣♣
♣♣♣♣♣♣♣.♣♣♣♣♣ ♣♣.♣♣#. ##.# ♣♣.♣
♣...........♣ #♣.≈.♣#. #..#♣♣.♣♣
♣.♣♣♣♣♣♣♣♣♣.♣ #.≈≈≈.#. #..#♣.♣♣♣
♣.♣....[..♣.♣ #.≈≈≈.#.
...#♣...♣#♣.♣.♣####.♣.♣ #.≈≈≈.#.
...#.###.#♣.♣.♣#|)#.♣.♣ #.≈~≈.#.
...#.#.#.#♣.♣.♣#†Y#.♣.♣♣♣#♣~≈~♣#.
.....'.#....♣.♣#@§#.♣.♣.†..≈~≈...
...#.#.#.#♣.♣.♣#....♣.♣.♣#♣~≈~♣#.
#P.#.###.#♣.♣.♣#####♣.♣.♣#.≈~≈.#.
...#♣...♣#♣.♣.♣♣♣♣♣♣♣.♣)♣#.≈≈≈.#.
##.#♣.♣♣♣ ♣.♣......†..♣.♣#.≈≈≈.#.
#..#♣♣.♣♣ ♣.♣♣♣♣♣♣♣♣♣♣♣.♣#.≈≈≈.#.
##.# ♣♣.♣ ♣.............♣#♣.≈.♣#.
#..# ♣.♣♣ ♣♣♣♣♣♣♣.♣♣♣♣♣♣♣ ♣♣.♣♣ .
##.##### ########.####### ### #.


You could see a catoblepas.

Vanquished Creatures
  A hydra (D:11)
  A two-headed ogre (D:10)
  Sonja (Lair:2)
  A manticore (D:11)
  3 black mambas
  A cane toad (Lair:2)
  A komodo dragon (Lair:2)
  Maggie (Lair:2)
  A kobold demonologist (D:9)
  A polar bear (Lair:2)
  A troll (D:10)
  5 blink frogs (Lair:1)
  A shadow (D:10)
  5 wyverns
  24 yaks
  2 basilisks (Lair:2)
  8 vampire mosquitoes
  2 steam dragons
  2 nagas (Lair:2)
  2 acid dragons (D:8)
  4 water moccasins
  2 ice beasts (D:6)
  2 orc warriors
  A black bear (Lair:2)
  2 centaurs (D:8)
  5 wolves (Lair:2)
  3 phantoms
  3 kobold brigands
  A necrophage (D:7)
  9 bullfrogs
  3 scorpions
  12 wights
  3 killer bees (D:8)
  A troll zombie (D:10)
  An electric eel (Lair:2)
  4 howler monkeys
  2 hounds
  2 gnoll boudas
  5 orc priests
  Natasha (thrice) (D:3)
  Jessica (D:3)
  Terence (D:2)
  11 orc wizards
  5 iguanas
  6 ogre zombies (D:10)
  11 gnolls
  5 adders
  3 white imps
  An ufetubus (D:5)
  A worm (D:2)
  6 dart slugs
  37 orcs
  4 bats
  6 endoplasms
  2 giant cockroaches
  6 goblins
  6 hobgoblins
  19 kobolds
  5 quokkas
  4 ball pythons
  3 frilled lizards
  6 goblin zombies (D:10)
  6 hobgoblin zombies (D:10)
  An orc skeleton (D:10)
  12 orc zombies (D:10)
  4 rats
304 creatures vanquished.

Vanquished Creatures (others)
  13 fungi
  11 plants (Lair:2)
24 creatures vanquished.

Grand Total: 328 creatures vanquished

Notes
Turn   | Place    | Note
-------+----------+-------------------------------------------
     0 | D:1      | xian the Demonspawn Air Elementalist began the quest for
                  | the Orb.
     0 | D:1      | Reached XP level 1. HP: 13/13 MP: 3/3
   500 | D:1      | Gained mutation: You are partially covered in yellow
                  | scales. (AC +2) [demonic ancestry]
   500 | D:1      | Reached XP level 2. HP: 19/19 MP: 3/5
   503 | D:1      | Learned a level 2 spell: Static Discharge
  1673 | D:2      | Reached XP level 3. HP: 24/24 MP: 2/6
  1757 | D:2      | Learned a level 3 spell: Swiftness
  2098 | D:2      | Noticed Terence
  2104 | D:2      | Killed Terence
  2105 | D:2      | Gained mutation: You have a pair of small antennae on your
                  | head. [demonic ancestry]
  2105 | D:2      | Reached XP level 4. HP: 23/30 MP: 1/8
  2198 | D:2      | Found a faded altar of an unknown god.
  2624 | D:3      | Noticed Natasha
  2636 | D:3      | Killed Natasha
  2681 | D:3      | Noticed Natasha
  2696 | D:3      | Gained mutation: You have a pair of antennae on your head.
                  | [demonic ancestry]
  2696 | D:3      | Reached XP level 5. HP: 10/35 MP: 3/9
  2922 | D:3      | Killed Natasha
  2923 | D:3      | Reached skill level 3 in Spellcasting
  3003 | D:3      | Noticed Jessica
  3009 | D:3      | Killed Jessica
  3160 | D:3      | Noticed Natasha
  3378 | D:3      | Killed Natasha
  3711 | D:3      | Found a shimmering blue altar of Sif Muna.
  3722 | D:3      | Reached XP level 6. HP: 32/42 MP: 5/11
  4097 | D:4      | Found a burning altar of Makhleb.
  4279 | D:4      | Reached skill level 1 in Fighting
  4371 | D:4      | Found a hide-covered altar of Uskayaw.
  4524 | D:4      | Found a basalt altar of Yredelemnul.
  4663 | D:4      | Found a staircase to the Ecumenical Temple.
  4782 | D:4      | Reached skill level 1 in Armour
  4782 | D:4      | Reached XP level 7. HP: 48/48 MP: 5/12
  5002 | Temple   | Entered the Ecumenical Temple
  5164 | Temple   | Became a worshipper of Nemelex Xobeh the Trickster
  5523 | D:5      | Entered Level 5 of the Dungeon
  5567 | D:5      | Reached skill level 4 in Spellcasting
  6407 | D:5      | Reached * piety under Nemelex Xobeh
  6736 | D:6      | Noticed a steam dragon
  6744 | D:6      | Killed a steam dragon
  6856 | D:6      | Reached skill level 5 in Spellcasting
  7243 | D:6      | Found a transporter.
  7245 | D:6      | Found a transporter.
  7246 | D:6      | Noticed Ogmund's ghost (novice TrMo)
  7249 | D:6      | Identified the +5 dire flail of Infection {venom, rElec
                  | Will+ rCorr Dex-4}
  7249 | D:6      | Noticed a two-headed ogre
  7255 | D:6      | Gained mutation: You have a pair of large antennae on your
                  | head. (SInv) [demonic ancestry]
  7255 | D:6      | Reached XP level 8. HP: 54/54 MP: 7/15
  7325 | D:6      | Found Jaiqy's Magic Scroll Shop.
  7329 | D:6      | Bought a scroll of identify for 28 gold pieces
  7329 | D:6      | Identified a scroll of acquirement
  7332 | D:6      | Acquired the ring "Painneap" {rElec rN+ rCorr Str+6 Int-2}
  7336 | D:6      | Bought a scroll of identify for 28 gold pieces
  7336 | D:6      | Bought a scroll of identify for 28 gold pieces
  7395 | D:6      | Received a gift from Nemelex Xobeh
  7599 | D:6      | HP: 1/54 [sky beast (2)]
  7614 | D:6      | Reached skill level 1 in Short Blades
  8393 | D:7      | Reached skill level 5 in Air Magic
  8518 | D:7      | Found a sacrificial altar of Ru.
  9019 | D:7      | Reached ** piety under Nemelex Xobeh
  9134 | D:7      | Reached skill level 1 in Staves
  9352 | D:7      | Found an ornate altar of the Wu Jian Council.
  9676 | D:8      | Reached skill level 6 in Spellcasting
  9713 | D:8      | Acquired the +3 buckler "Qaiv Vio" {rF+ Will++}
  9789 | D:8      | Gained mutation: You are mostly covered in yellow scales.
                  | (AC +3) [demonic ancestry]
  9789 | D:8      | Reached XP level 9. HP: 60/60 MP: 14/18
  9836 | D:8      | Found a bloodstained altar of Trog.
  9850 | D:8      | Found a radiant altar of Vehumet.
  9853 | D:8      | Found a broken altar of Ashenzari.
  9863 | D:8      | Reached skill level 1 in Shields
  9966 | D:8      | Reached skill level 5 in Conjurations
 10720 | D:9      | Found a stormy altar of Qazlal.
 11061 | D:9      | Reached skill level 7 in Spellcasting
 11137 | D:9      | Gained mutation: You are partially covered in sharp spines.
                  | [demonic ancestry]
 11137 | D:9      | Reached XP level 10. HP: 57/66 MP: 11/21
 11598 | D:9      | Found a blossoming altar of Fedhas.
 11675 | D:9      | Reached *** piety under Nemelex Xobeh
 11744 | D:9      | Found an ancient bone altar of Kikubaaqudgha.
 11752 | D:9      | Found a hazy altar of Hepliaklqana.
 11835 | D:10     | Entered Level 10 of the Dungeon
 11933 | D:10     | Received a gift from Nemelex Xobeh
 11952 | D:10     | Reached skill level 8 in Spellcasting
 12888 | D:10     | Gained mutation: Your demonic aura sometimes causes spilled
                  | blood to erupt in flames. [demonic ancestry]
 12888 | D:10     | Reached XP level 11. HP: 69/71 MP: 6/23
 13029 | D:10     | Found a staircase to the Orcish Mines.
 13060 | D:10     | Received a gift from Nemelex Xobeh
 13220 | D:10     | Reached **** piety under Nemelex Xobeh
 13325 | D:10     | Noticed a two-headed ogre
 13333 | D:10     | Killed a two-headed ogre
 13735 | D:11     | Reached skill level 9 in Spellcasting
 13784 | D:11     | Received a gift from Nemelex Xobeh
 13876 | D:11     | Found a staircase to the Lair.
 13984 | D:11     | Found Menes's Armour Shoppe.
 14049 | D:11     | Reached skill level 5 in Shields
 14692 | D:11     | Noticed a five-headed hydra
 14707 | D:11     | Killed a five-headed hydra
 14930 | Lair:1   | Entered Level 1 of the Lair of Beasts
 15015 | Lair:1   | Received a gift from Nemelex Xobeh
 15230 | Lair:1   | Received a gift from Nemelex Xobeh
 15795 | Lair:1   | Reached ***** piety under Nemelex Xobeh
 15981 | Lair:2   | Noticed Sonja
 15989 | Lair:2   | Killed Sonja
 16168 | Lair:2   | Noticed Maggie
 16174 | Lair:2   | Killed Maggie
 16390 | Lair:2   | Reached skill level 5 in Dodging
 16534 | Lair:2   | Found a staircase to the Swamp.
 16668 | Lair:2   | Gained mutation: Your demonic aura often causes spilled
                  | blood to erupt in flames. [demonic ancestry]
 16668 | Lair:2   | Reached XP level 12. HP: 77/78 MP: 13/25
 16893 | Lair:2   | Found a staircase to the Snake Pit.
 16906 | Lair:2   | Reached skill level 10 in Spellcasting
 17647 | Lair:2   | Noticed a catoblepas
 17671 | Lair:2   | Mangled by a catoblepas

Illustrated notes

Levels and vault maps discovered:
D:1:      minmay_arrival_radiant_lines, layout_loops_ring
D:2:      layout_loops_cross, basic_ecumenical_altar, uniq_terence
D:3:      layout_rooms, led_sif_book, uniq_natasha, uniq_jessica
D:4:      layout_basic, eat_drink_and_be_merry_uskayaw, lemuel_tele_altar,
          lemuel_doored_altar, temple_doors_e, serial_aquarium,
          aquarium_bridge_long_joined [aquarium_subvault_balcony,
          aquarium_subvault_bridge, aquarium_subvault_window,
          aquarium_subvault_bridge, aquarium_subvault_wall,
          aquarium_subvault_wall], aquarium_bridge_square
          [aquarium_subvault_bridge, aquarium_subvault_bridge,
          aquarium_subvault_wall, aquarium_subvault_bridge], aquarium_window_1,
          aquarium_window_2, aquarium_window_corner, aquarium_view_2c,
          aquarium_view_2b, aquarium_balcony_3a, grunt_ministairs_5
D:5:      layout_gridville
D:6:      layout_gridville, gammafunk_ghost_smash, serial_shops, shop,
          kennysheep_generic_room_14
D:7:      nicolae_cairo_tiling_large, layout_basic,
          nicolae_overflow_crystal_walls, pdpol_wu_jian_five_deadly_venoms
D:8:      layout_loops_cross, grunt_temple_overflow_cloverleaf
D:9:      layout_roguey, fedhas_ov_isle_minmay, amethyst_overflow_temple_binary,
          grunt_qazlal_clouds, st_stairs_5, minmay_misc_feat_x
D:10:     layout_irregular_city, zombieorc2_lemuel
D:11:     layout_cave_pods, lair_entry_dummy, serial_shops, shop,
          minmay_tree_intersection, serial_bayou_pond_d
Temple:   hellmonk_temple_flake
Lair:1:   layout_regular_city
Lair:2:   nzn_winding_woodlands_cross [nzn_winding_woodlands_5x15_garden,
          nzn_winding_woodlands_5x15_river_crossing,
          nzn_winding_woodlands_5x15_cabin,
          nzn_winding_woodlands_5x15_concentric,
          nzn_winding_woodlands_15x15_boxy_spiral], layout_concentric_octagons,
          minmay_swamp_entry_swarm, guppyfry_snake_entry_island, st_stairs_8,
          uniq_maggie, uniq_sonja

Skill      XL: |  1  2  3  4  5  6  7  8  9 10 11 12 |
---------------+-------------------------------------+-----
Air Magic      | 3 4 5 6 7 8 9 |  9.0
Stealth        | 2 3 4 |  4.4
Dodging        | 2 3 4 5 |  5.0
Conjurations   | 2 3 4 5 7 8 |  8.4
Spellcasting   | 3 5 6 7 8 9 10 | 10.0
Fighting       | 1 2 |  2.0
Armour         | 1 2 3 4 |  4.1
Short Blades   | 1 2 |  2.0
Staves         | 1 |  1.5
Shields        | 3 4 5 6 |  6.4

Action                   |  1- 3 |  4- 6 |  7- 9 | 10-12 || total
-------------------------+-------+-------+-------+-------++-------
Melee: Dagger            |    43 |    27 |    69 |       ||   139
       Staff             |       |     2 |    27 |    44 ||    73
       Punch             |       |       |     3 |       ||     3
       Short sword       |       |       |       |    15 ||    15
 Cast: Shock             |    57 |   110 |   190 |   257 ||   614
       Static Discharge  |     6 |    11 |    51 |   122 ||   190
       Swiftness         |       |       |     2 |     1 ||     3
  Use: Potion            |       |     1 |     1 |     1 ||     3
       Scroll            |       |       |    15 |     8 ||    23
 Stab: Sleeping          |       |       |     3 |     1 ||     4
Armor: Robe              |    11 |     8 |       |       ||    19
       Leather armour    |       |     6 |    35 |       ||    41
       Steam dragon scal |       |       |    11 |       ||    11
       Acid dragon scale |       |       |     6 |    32 ||    38
Dodge: Dodged            |    41 |    44 |   148 |   100 ||   333
Block: Buckler           |       |       |    12 |    62 ||    74
